 Dungeon Crawl Stone Soup version 0.25-a0-1130-g3926558f3a (webtiles) character file.

Game seed: 7577786091422197360, levelgen mode: deterministic

75365 sanka the Gelid (level 15, -13/129 HPs)
             Began as a Barachi Ice Elementalist on May 19, 2020.
             Was a High Priest of Vehumet.
             Mangled by an orc knight
             ... wielding a +0 glaive
              (36 damage)
             ... on level 2 of the Orcish Mines.
             The game lasted 01:06:41 (25198 turns).

sanka the Gelid (Barachi Ice Elementalist)         Turns: 25198, Time: 01:06:42

Health: -13/129    AC: 11    Str:  9    XL:     15   Next: 49%
Magic:  15/30      EV: 24    Int: 27    God:    Vehumet [*****.]
Gold:   1544       SH:  0    Dex: 20    Spells: 16/37 levels left

rFire    . . .     SeeInvis .   b - +8 long sword (holy)
rCold    . . .     Gourm    .   (no shield)
rNeg     . . .     Faith    +   H - +1 troll leather armour {Snorg}
rPois    .         Spirit   .   G - +2 hat
rElec    .         Reflect  .   g - +0 cloak
rCorr    .         Harm     .   (no gloves)
MR       +....                  l - +2 pair of boots
Stlth    ++........             p - amulet of faith
HPRegen  0.71/turn              C - +6 ring of intelligence
MPRegen  0.22/turn              z - +6 ring of dexterity

@: about to teleport, marked, can't hop, slow
A: +LOS, swims, slowness 1, strong legs 2
a: Hop, Renounce Religion


You were on level 2 of the Orcish Mines.
You worshipped Vehumet.
Vehumet was extremely pleased with you.
You were not hungry.

You visited 4 branches of the dungeon, and saw 20 of its levels.
You visited the Abyss 1 time.

You collected 1544 gold pieces.


Innate Abilities, Weirdness & Mutations

You can be seen from farther away. (+LOS)
You can swim through water.
You cover ground slowly.
You can hop long distances.


   Skills:
 - Level 15.0 Fighting
 - Level 15.0 Dodging
 - Level 1.7 Stealth
 + Level 11.5 Spellcasting
 - Level 4.0 Conjurations
 - Level 4.0 Summonings
 * Level 16.7 Ice Magic
 - Level 4.0 Air Magic


You had 16 spell levels left.
You knew the following spells:

 Your Spells              Type           Power        Failure   Level  Hunger
a - Ozocubu's Armour      Chrm/Ice       ######..     1%          3    None
u - Hailstorm             Conj/Ice       ######..     1%          4    None
x - Summon Ice Beast      Ice/Summ       ######..     1%          4    None
y - Frozen Ramparts       Ice            ######       0%          3    None
z - Freeze                Ice            ####         0%          1    None
X - Freezing Cloud        Conj/Ice/Air   ######....   7%          6    #####..

Your spell library contained the following spells:

 Spells                   Type           Power        Failure   Level  Hunger
 Iron Shot                Conj/Erth      ####......   63%         6    #####..
 Magic Dart               Conj           ####         1%          1    None
 Searing Ray              Conj           #####.       1%          2    None
 Dazzling Flash           Conj/Hex       ####..       1%          3    None
 Ice Form                 Ice/Tmut       ######..     1%          4    None
 Metabolic Englaciation   Hex/Ice        ######....   4%          5    ###....
 Beastly Appendage        Tmut           ###...       5%          1    None
 Fulminant Prism          Conj/Hex       ####......   6%          4    None
 Iskenderun's Mystic Bla  Conj/Tloc      ####....     6%          4    None
 Sticks to Snakes         Tmut           ###.....     8%          2    None
 Confusing Touch          Hex            ###.....     16%         3    None
 Gell's Gravitas          Tloc           ###.......   16%         3    None
 Spider Form              Tmut/Pois      ###.......   16%         3    None
 Yara's Violent Unravell  Hex/Tmut       ###.......   34%         5    ###....
 Petrify                  Tmut/Erth      ###.....     45%         4    None
 Blade Hands              Tmut           ###.......   82%         5    ###....

Inventory:

Hand Weapons
 a - a +2 hunting sling of freezing
 b - a +8 long sword of holy wrath (weapon)
 E - a +4 hand axe of electrocution
Missiles
 f - 109 sling bullets
 k - 458 stones (quivered)
 Q - 4 curare-tipped darts {=f}
Armour
 g - a +0 cloak (worn)
 l - a +2 pair of boots (worn)
 G - a +2 hat (worn)
 H - a +1 troll leather armour (worn) {Snorg}
Jewellery
 p - an amulet of faith (around neck)
 z - a +6 ring of dexterity (right hand)
 C - a +6 ring of intelligence (left hand)
 K - an uncursed ring of ice
 L - an uncursed ring of poison resistance
Wands
 y - a wand of polymorph (31)
 B - a wand of disintegration (8)
 M - a wand of acid (2)
 P - a wand of digging (6)
Scrolls
 e - 11 scrolls of remove curse
 h - 3 scrolls of fear
 i - a scroll of magic mapping
 j - 6 scrolls of teleportation {@r4}
 o - 2 scrolls of enchant armour
 t - a scroll of amnesia
 u - a scroll of enchant weapon
 v - 5 scrolls of blinking
 x - a scroll of torment {!r}
 D - a scroll of holy word
 F - a scroll of immolation {!r}
 O - 2 scrolls of identify {@r1}
Potions
 m - 2 potions of resistance
 n - 2 potions of curing {@q1}
 q - a potion of invisibility
 r - 2 potions of flight {unknown}
 s - a potion of lignification {!q}
 w - 2 potions of haste {@q3}
 A - 2 potions of brilliance
 J - 5 potions of berserk rage {!q}
 N - 4 potions of might
 R - a potion of mutation {!q}
Miscellaneous
 d - a phial of floods
Comestibles
 c - 40 rations
 S - 5 chunks of flesh

Dungeon Overview and Level Annotations

Branches:
Dungeon (11/15)            Temple (1/1) D:5            Lair (6/6) D:11
 Shoals (0/4) Lair:4       Spider (0/4) Lair:4        Slime (0/5) Lair:6
    Orc (2/2) D:11
    Elf: Orc:2

Altars:
Ashenzari
Cheibriados
Fedhas
Hepliaklqana
Kikubaaqudgha
Makhleb
Qazlal
Uskayaw
Vehumet
Wu Jian
Yredelemnul
The Shining One
Jiyva

Shops:
D:10

(?%
▒▒.......o....)......▒
.....▒......o))▒..
....▒▒....£..<▒[▒▒
.▒▒▒ ▒▒......o..o▒ ▒
▒▒▒...o.....▒
▒....oo▒.▒▒
▒.......o▒.▒▒
▒▒▒....o.o£.▒▒
▒▒▒...oF...▒
▒▒...o▒.▒▒ ▒.▒.o....
▒...o...... .▒o....
▒... ▒▒▒o..... ..
▒.3....▒ . ▒.......
▒oo......


You could see 4 orc knights, 2 orc high priests, a neqoxec (summoned), 3 orc
sorcerers, 2 orc warriors, an orc priest (strong), 2 orc wizards and 3 orcs.


Message History

An orc wizard comes into view. It is wielding a +0 dagger.
An orc warrior comes into view. It is wielding a +0 glaive.
An orc priest comes into view. It is wielding a +0 dagger.
An orc knight comes into view. It is wielding a +2 dire flail.
The orc knight roars a battlecry!
The orcs go into a battle-frenzy!
An orc high priest comes into view. It is wielding a +0 short sword.
An orc knight comes into view. It is wielding a +3 vorpal dire flail.
An orc sorcerer comes into view. It is wielding a +0 dagger.
An orc knight comes into view. It is wielding a +0 glaive.
Unknown command.
Unknown command.
Unknown command.
As you read the scroll of teleportation {@r4}, it crumbles to dust.
You feel strangely unstable.
The orc no longer looks unusually strong.
The orc no longer looks unusually strong.
The orc priest closely misses you.
You riposte.
You slash the orc priest!
The orc priest is severely wounded.
The orc warrior barely misses you.
The orc knight roars a battlecry!
The orcs go into a battle-frenzy!
An orc sorcerer comes into view. It is wielding a +3 dagger.
The orc high priest calls upon Beogh to heal the orc priest.
The orc priest is healed somewhat.
The orc sorcerer mumbles some strange words.
The orc knight hits you with a +0 glaive!!!
You die...

Action                   |  1- 3 |  4- 6 |  7- 9 | 10-12 | 13-15 || total
-------------------------+-------+-------+-------+-------+-------++-------
Melee: Unarmed           |    23 |       |       |       |       ||    23
       Dagger            |     4 |    15 |       |       |       ||    19
       Flail             |       |       |    16 |       |       ||    16
       Long sword        |       |       |     1 |    65 |   153 ||   219
 Fire: Hunting sling     |       |    24 |   110 |    85 |   176 ||   395
 Cast: Freeze            |    36 |    70 |    63 |   230 |   360 ||   759
       Frozen Ramparts   |       |     5 |    15 |    57 |    90 ||   167
       Ozocubu's Armour  |       |       |     5 |    25 |    60 ||    90
       Summon Ice Beast  |       |       |       |    22 |    22 ||    44
       Freezing Cloud    |       |       |       |       |    29 ||    29
 Abil: Hop               |     1 |       |     1 |     1 |     1 ||     4
Evoke: Wand              |       |       |       |     1 |     2 ||     3
  Use: Potion            |     2 |     4 |     1 |     1 |     7 ||    15
       Scroll            |       |       |       |    14 |     8 ||    22
 Stab: Distracted        |       |       |       |     1 |       ||     1
  Eat: Chunk             |     3 |    10 |     8 |    23 |    36 ||    80
       Ration            |       |       |     2 |     1 |     1 ||     4
Armor: Robe              |    13 |    15 |    31 |    33 |       ||    92
       Leather armour    |       |       |       |    13 |       ||    13
       Troll leather arm |       |       |       |    72 |   137 ||   209
Dodge: Dodged            |    36 |    42 |    69 |   300 |   728 ||  1175
       Rpst.: Long sword |       |       |       |    47 |   123 ||   170

Levels and vault maps discovered:
D:1:      dpeg_arrival_lava_altar, layout_basic
D:2:      layout_rooms, uniq_jessica
D:3:      layout_basic, cheibriados_altar_1, grunt_temple_overflow_diamond
D:4:      layout_basic, minmay_close_crescents
D:5:      layout_loops_ring, minmay_temple_entry_drinking_statues, first_ration,
          serial_bayou_pond_d
D:6:      layout_rooms, basic_altar, chequers_mini_garden,
          lemuel_altar_in_water, uniq_maggie
D:7:      layout_basic, grunt_livestock, serial_park_tiny_1,
          kennysheep_nondescript
D:8:      layout_basic, uniq_psyche, uniq_grum
D:9:      layout_grid_maze, grunt_temple_overflow_forces_of_nature,
          lemuel_round_altar, basic_altar, sword_in_stone
D:10:     layout_long_grid, serial_shops, shop_fountains, shop, shop_statue,
          hangedman_corner_corridor, uniq_joseph, uniq_gastronok, uniq_erolcha,
          uniq_snorg
D:11:     lemuel_bear_cage, layout_layer_cave, minmay_lair_entry_grove,
          nicolae_tso_swordbearing_angel
Temple:   regret_index_temple_waves
Lair:1:   layout_regular_city, grunt_forest_large_clearing_hut, uniq_fannar
Lair:2:   layout_small_grid, lemuel_old_faithful, minmay_lair_oklob_chamber,
          lemuel_fruit_tree
Lair:3:   layout_misc_corridors, beast_lair_carwin_7
Lair:4:   layout_long_grid, elwin_shoals_entry_rooms,
          nicolae_spider_entry_orb_guardian
Lair:5:   layout_regular_city, basic_altar, chequers_serial_rivers_room_b
Lair:6:   evilmike_catoblepas_cave, layout_regular_city, slime_altar_1,
          serial_bayou, serial_bayou_lagoon_a, serial_bayou_pond_e,
          serial_bayou_pond_b, serial_bayou_shore_b, kennysheep_snail_temple,
          uniq_sonja
Orc:1:    layout_caves, uniq_josephine
Orc:2:    grunt_orc_tribal_feast, layout_caves

Notes
Turn   | Place    | Note
-------+----------+-------------------------------------------
     0 | D:1      | sanka the Barachi Ice Elementalist began the quest for the
                  | Orb.
     0 | D:1      | Reached XP level 1. HP: 13/13 MP: 3/3
   160 | D:1      | Reached skill level 5 in Ice Magic
   213 | D:1      | Reached XP level 2. HP: 7/19 MP: 0/5
   938 | D:1      | Reached XP level 3. HP: 23/24 MP: 0/7
  1239 | D:1      | Reached skill level 3 in Spellcasting
  1611 | D:1      | Found a radiant altar of Vehumet.
  1653 | D:2      | Noticed Jessica
  1663 | D:2      | Killed Jessica
  1784 | D:2      | Reached XP level 4. HP: 26/30 MP: 6/9
  1960 | D:2      | Learned a level 3 spell: Frozen Ramparts
  1964 | D:2      | Learned a level 3 spell: Ozocubu's Armour
  1982 | D:2      | Reached skill level 6 in Ice Magic
  2665 | D:2      | Reached XP level 5. HP: 30/35 MP: 5/10
  3041 | D:3      | Reached skill level 4 in Spellcasting
  3150 | D:3      | Found a snail-covered altar of Cheibriados.
  3577 | D:3      | Reached skill level 7 in Ice Magic
  3658 | D:3      | Learned a level 4 spell: Summon Ice Beast
  3732 | D:3      | Found a basalt altar of Yredelemnul.
  3735 | D:3      | Found a glowing golden altar of the Shining One.
  3738 | D:3      | Found an ornate altar of the Wu Jian Council.
  4098 | D:1      | Identified 2 potions of resistance
  4386 | D:4      | Reached skill level 1 in Summonings
  4386 | D:4      | Reached XP level 6. HP: 41/41 MP: 9/12
  4439 | D:4      | Reached skill level 2 in Summonings
  4573 | D:4      | Reached skill level 3 in Summonings
  4655 | D:4      | Reached skill level 4 in Summonings
  4655 | D:4      | Reached skill level 8 in Ice Magic
  4655 | D:4      | Reached XP level 7. HP: 46/46 MP: 8/13
  5426 | D:5      | Entered Level 5 of the Dungeon
  5448 | D:5      | Found a staircase to the Ecumenical Temple.
  5475 | Temple   | Entered the Ecumenical Temple
  5490 | Temple   | Became a worshipper of Vehumet
  6710 | D:6      | Identified +1 swamp dragon scales
  6710 | D:6      | Noticed Maggie
  6720 | D:6      | Killed Maggie
  6720 | D:6      | Reached skill level 5 in Spellcasting
  6720 | D:6      | Reached skill level 9 in Ice Magic
  6720 | D:6      | Reached XP level 8. HP: 45/52 MP: 8/16
  6733 | D:5      | Reached skill level 6 in Spellcasting
  6929 | D:6      | Found a glowing golden altar of the Shining One.
  6954 | D:6      | Reached skill level 10 in Ice Magic
  7041 | D:6      | Reached * piety under Vehumet
  7041 | D:6      | Offered knowledge of Foxfire by Vehumet.
  7072 | D:6      | Reached skill level 7 in Spellcasting
  7087 | D:6      | Reached XP level 9. HP: 44/57 MP: 7/19
  7594 | D:6      | Reached skill level 11 in Ice Magic
  7813 | D:6      | Found a hazy altar of Hepliaklqana.
  8255 | D:7      | Reached skill level 8 in Spellcasting
  8259 | D:7      | Reached skill level 12 in Ice Magic
  8259 | D:7      | Reached skill level 1 in Fighting
  8338 | D:7      | Learned a level 4 spell: Hailstorm
  8475 | D:7      | Reached skill level 2 in Fighting
  8475 | D:7      | Reached skill level 3 in Dodging
  8993 | D:8      | Noticed Grum
  8999 | D:8      | Reached skill level 1 in Conjurations
  9003 | D:8      | Killed Grum
  9012 | D:8      | Reached XP level 10. HP: 55/69 MP: 15/22
  9128 | D:8      | Reached skill level 3 in Fighting
  9131 | D:8      | Reached skill level 2 in Conjurations
  9196 | D:8      | Noticed a two-headed ogre
  9207 | D:8      | Killed a two-headed ogre
  9207 | D:8      | Reached skill level 4 in Dodging
  9519 | D:8      | Reached skill level 3 in Conjurations
  9577 | D:8      | Reached skill level 4 in Fighting
  9692 | D:8      | Offered knowledge of Shock by Vehumet.
  9750 | D:8      | Reached ** piety under Vehumet
  9751 | D:8      | Noticed Psyche
  9758 | D:8      | Killed Psyche
 10276 | D:9      | Found a shattered altar of Ashenzari.
 10510 | D:9      | Found a blossoming altar of Fedhas.
 10628 | D:9      | Noticed Blork the orc
 10760 | D:9      | Noticed Eustachio
 10771 | D:9      | Reached skill level 5 in Dodging
 10776 | D:9      | Killed Blork the orc
 10779 | D:9      | Killed Eustachio
 10895 | D:9      | Reached skill level 9 in Spellcasting
 10895 | D:9      | Reached skill level 4 in Conjurations
 11013 | D:9      | Found a stormy altar of Qazlal.
 11019 | D:9      | Found a blossoming altar of Fedhas.
 11531 | D:10     | Entered Level 10 of the Dungeon
 11582 | D:10     | Reached skill level 5 in Fighting
 11601 | D:10     | Found Askusat's Weapon Boutique.
 11619 | D:10     | Noticed Joseph
 11635 | D:10     | Killed Joseph
 11707 | D:10     | Noticed Erolcha
 11707 | D:10     | Noticed a manticore
 11764 | D:10     | Killed Erolcha
 11764 | D:10     | Reached skill level 6 in Dodging
 11764 | D:10     | Reached skill level 13 in Ice Magic
 11764 | D:10     | Reached XP level 11. HP: 81/81 MP: 13/24
 11908 | D:10     | Reached skill level 6 in Fighting
 11930 | D:10     | Offered knowledge of Inner Flame by Vehumet.
 12013 | D:10     | Reached skill level 7 in Dodging
 12071 | D:10     | Found Foenes's Food Shoppe.
 12081 | D:10     | Found Juutsuri's Magic Scroll Shoppe.
 12334 | D:10     | Reached skill level 7 in Fighting
 12335 | D:10     | Reached *** piety under Vehumet
 12456 | D:10     | Noticed Gastronok
 12488 | D:10     | Killed Gastronok
 12488 | D:10     | Reached skill level 8 in Fighting
 12488 | D:10     | Reached skill level 8 in Dodging
 12650 | D:10     | Noticed Snorg
 12666 | D:10     | Killed Snorg
 12899 | D:10     | Killed a manticore
 13303 | D:11     | Found a staircase to the Lair.
 13431 | D:11     | Reached skill level 9 in Fighting
 13518 | D:11     | Offered knowledge of Iskenderun's Mystic Blast by Vehumet.
 13597 | D:11     | Reached skill level 9 in Dodging
 13690 | D:11     | Found a huge runed translucent gate.
 13690 | D:11     | Noticed a manticore
 13690 | D:11     | Noticed a manticore
 13691 | D:11     | Found a huge runed translucent gate.
 13691 | D:11     | Found a huge runed translucent gate.
 13691 | D:11     | Found a huge runed translucent gate.
 13691 | D:11     | Noticed a manticore
 13735 | D:11     | Noticed a brown ugly thing
 13742 | D:11     | Killed an unseen horror
 13753 | D:11     | Killed a brown ugly thing
 13753 | D:11     | Reached XP level 12. HP: 69/95 MP: 2/25
 14033 | D:11     | Reached **** piety under Vehumet
 14059 | D:11     | Found a staircase to the Orcish Mines.
 14761 | D:11     | Found a glowing golden altar of the Shining One.
 14856 | D:11     | Reached skill level 10 in Spellcasting
 14861 | D:11     | Offered knowledge of Dazzling Flash by Vehumet.
 14861 | D:11     | Reached skill level 10 in Fighting
 14868 | D:11     | Reached skill level 14 in Ice Magic
 14880 | D:11     | Reached skill level 10 in Dodging
 15047 | Lair:1   | Entered Level 1 of the Lair of Beasts
 15578 | Lair:1   | Reached skill level 11 in Fighting
 15679 | Lair:1   | Reached skill level 11 in Dodging
 15692 | Lair:1   | Noticed Fannar
 15725 | D:11     | Killed Fannar
 16058 | Lair:1   | Gained mutation: You can hop long distances. [Barachi
                  | growth]
 16058 | Lair:1   | Reached XP level 13. HP: 93/107 MP: 22/27
 16311 | Lair:1   | Reached skill level 12 in Fighting
 16733 | Lair:2   | Reached ***** piety under Vehumet
 16733 | Lair:2   | Reached skill level 12 in Dodging
 16900 | Lair:2   | Reached skill level 13 in Fighting
 17168 | Lair:2   | Got a flickering ivory ring
 17170 | Lair:2   | Identified the ring of Desertification {rPois rN+ Str+3
                  | Int-5 Stlth+} (You found it on level 2 of the Lair of
                  | Beasts)
 18026 | Lair:3   | Offered knowledge of Lightning Bolt by Vehumet.
 18659 | Lair:4   | Reached skill level 13 in Dodging
 18707 | Lair:4   | Found a hole to the Spider Nest.
 19003 | Lair:4   | Reached skill level 14 in Fighting
 19537 | Lair:4   | Reached XP level 14. HP: 121/121 MP: 24/28
 19559 | Lair:4   | Found a staircase to the Shoals.
 19911 | Lair:5   | Reached skill level 14 in Dodging
 20083 | Lair:5   | Reached skill level 15 in Fighting
 20795 | Lair:5   | Found a hide-covered altar of Uskayaw.
 21146 | Lair:6   | Entered Level 6 of the Lair of Beasts
 21215 | Lair:6   | Reached skill level 15 in Dodging
 21266 | Lair:6   | Noticed Sonja
 21267 | Lair:6   | Noticed Sonja
 21267 | Lair:6   | Sonja changed into Sonja the meliai
 21276 | Lair:6   | Cast into level 2 of the Abyss (Sonja)
 21295 | Abyss:2  | Noticed a lich
 21327 | Abyss:2  | Offered knowledge of Freezing Cloud by Vehumet.
 21346 | Abyss:2  | Learned a level 6 spell: Freezing Cloud
 21466 | Abyss:2  | Noticed a starcursed mass
 21520 | Abyss:2  | Found a sparkling altar of Nemelex Xobeh.
 21561 | Abyss:2  | Noticed a lich
 21602 | Abyss:2  | Reached skill level 1 in Air Magic
 21683 | Abyss:2  | Noticed a tentacled starspawn
 21700 | Abyss:2  | Killed a tentacled starspawn
 21700 | Abyss:2  | Reached skill level 2 in Air Magic
 21987 | Abyss:2  | Noticed a starcursed mass
 22012 | Abyss:2  | Killed a starcursed mass
 22257 | Abyss:2  | Reached skill level 3 in Air Magic
 22321 | Lair:6   | Escaped the Abyss
 22426 | Lair:6   | Found a viscous altar of Jiyva.
 22426 | Lair:6   | Found a staircase to the Slime Pits.
 22548 | Lair:6   | Reached skill level 15 in Ice Magic
 22752 | Lair:6   | Killed Sonja the meliai
 22905 | Lair:6   | Reached skill level 4 in Air Magic
 23017 | Lair:6   | Reached XP level 15. HP: 100/129 MP: 22/29
 23077 | Lair:6   | Offered knowledge of Orb of Destruction by Vehumet.
 23212 | Lair:6   | Reached skill level 11 in Spellcasting
 23333 | Lair:6   | Got a dazzling arbalest
 23334 | Lair:6   | Identified the +8 arbalest "Jopups" {penet, rN+ MR+ Int+2
                  | Dex-3} (You found it on level 6 of the Lair of Beasts)
 23384 | Lair:6   | Reached skill level 16 in Ice Magic
 23851 | Lair:6   | Found a snail-covered altar of Cheibriados.
 24366 | Orc:1    | Entered Level 1 of the Orcish Mines
 24905 | Orc:1    | Noticed Josephine
 24942 | Orc:1    | Killed Josephine
 25171 | Orc:2    | Entered Level 2 of the Orcish Mines
 25183 | Orc:2    | Offered knowledge of Iron Shot by Vehumet.
 25189 | Orc:2    | HP: 5/129 [ogre/+0 giant spiked club (9)]
 25198 | Orc:2    | Mangled by an orc knight

Vanquished Creatures
  Gastronok (D:10)
  A starcursed mass (Abyss:2)
  Snorg (D:10)
  Josephine (Orc:1)
  Erolcha (D:10)
  Fannar (D:11)
  2 hydras (Lair:5)
  3 catoblepae (Lair:6)
  A two-headed ogre (Orc:1)
  An orc high priest (Orc:1)
  14 death yaks
  A thrashing horror (Abyss:2)
  A spatial maelstrom (Abyss:2)
  An unseen horror (D:11)
  An orb spider (Lair:4)
  4 orc sorcerers (Orc:1)
  An orc knight (D:11)
  2 ugly things (D:11)
  3 large abominations (Abyss:2)
  16 elephants
  6 manticores
  A centaur zombie (D:10)
  Joseph (D:10)
  2 gargoyles
  4 torpor snails (Lair:6)
  8 spiny frogs
  An orange demon (Abyss:2)
  2 black mambas
  Maggie (D:6)
  3 smoke demons (Abyss:2)
  10 komodo dragons
  A tormentor (Abyss:2)
  3 rime drakes
  2 ancient zymes (Abyss:2)
  4 trolls
  A meliai (Lair:6)
  A merfolk (Lair:4)
  3 polar bears (D:11)
  2 dream sheep (D:11)
  10 raiju (Abyss:2)
  4 hippogriffs
  26 blink frogs
  5 small abominations
  An ettin skeleton (Abyss:2)
  A spriggan (Lair:1)
  A human (D:7)
  3 wraiths (Orc:1)
  A wyvern (Lair:6)
  35 yaks
  A chaos spawn (Abyss:2)
  5 hogs
  2 basilisks
  Grum (D:8)
  A warg (D:11)
  A soldier ant (D:11)
  9 water moccasins
  13 orc warriors
  15 porcupines
  7 black bears
  3 sky beasts
  2 necrophages
  8 ogres
  7 wolves
  A phantom (D:6)
  5 centaurs
  20 crocodiles
  A gnoll sergeant (D:9)
  Blork the orc (D:9)
  2 big kobolds
  11 bullfrogs
  A water moccasin zombie (D:9)
  5 scorpions
  3 electric eels
  A wight (D:9)
  A howler monkey (D:6)
  A bullfrog zombie (D:9)
  6 crimson imps
  2 quasits (Abyss:2)
  A centaur skeleton (D:7)
  11 orc priests
  A gnoll shaman (D:8)
  7 hounds
  2 jellies
  Jessica (D:2)
  12 orc wizards
  9 worker ants
  A nameless horror (D:10)
  A hound zombie (D:8)
  2 worker ant zombies (D:5)
  10 adders
  4 gnolls (D:8)
  A shadow imp (D:6)
  2 ufetubi (Abyss:2)
  An adder zombie (D:9)
  5 worms
  3 dart slugs
  7 leopard geckos
  44 orcs
  7 giant cockroaches
  7 goblins
  4 hobgoblins
  5 jackals (D:1)
  18 kobolds
  3 quokkas
  3 ball pythons
  7 bats
  A frilled lizard (D:1)
  A leopard gecko skeleton (D:5)
  7 rats
  A plant (Lair:6)
525 creatures vanquished.

Vanquished Creatures (collateral kills)
  A hydra (Lair:5)
  A two-headed ogre (D:8)
  3 death yaks
  An ugly thing (D:11)
  2 oklob plants (Lair:2)
  2 elephants (Lair:2)
  Psyche (D:8)
  A polar bear (D:11)
  A hippogriff (D:11)
  2 yaks (D:11)
  Eustachio (D:9)
  A water moccasin (Lair:2)
  A small abomination (Abyss:2)
  An orc wizard (D:8)
  A worker ant (D:10)
  2 plants (Lair:2)
22 creatures vanquished.

Vanquished Creatures (others)
  A tentacled starspawn (Abyss:2)
  3 orcs (Orc:1)
  6 fungi
  A lurking horror (Abyss:2)
  7 plants
  4 starspawn tentacles (Abyss:2)
22 creatures vanquished.

Grand Total: 569 creatures vanquished
